 Dungeon Crawl Stone Soup version 0.28-a0-1447-ga5a8893891 (webtiles) character file.

Game seed: 9926560229416118660

30434 HallandMoats the Fencer (level 13, -1/117 HPs)
             Began as a Minotaur Fighter on Jan 12, 2022.
             Was a High Priest of Cheibriados.
             Slain by Sonja (14 damage)
             ... on level 10 of the Dungeon.
             The game lasted 00:16:53 (7762 turns).

HallandMoats the Fencer (Minotaur Fighter)          Turns: 7762, Time: 00:16:54

Health: -1/117     AC: 20    Str: 40    XL:     13   Next: 20%
Magic:  17/17      EV: 16    Int: 18    God:    Cheibriados [*****.]
Gold:   547        SH:  8    Dex: 34    Spells: 12/12 levels left

rFire   . . .      SeeInvis .   b - +7 Singing Sword {vorpal, sonic wave}
rCold   . . .      Faith    .   c - +0 buckler
rNeg    . . .      Spirit   .   n - +0 plate armour
rPois   .          Reflect  .   (helmet restricted)
rElec   .          Harm     .   i - +1 cloak
rCorr   .          Rampage  .   D - +1 pair of gloves
Will    .....                   (no boots)
Stlth   ..........              f - amulet of regeneration
HPRegen 0.00/turn               o - +6 ring of dexterity
MPRegen 0.15/turn               t - +6 ring of dexterity

@: inhibited regen, very slow
A: horns 2, retaliatory headbutt, iridescent scales 1, inhibited regeneration
a: Renounce Religion, Bend Time, Temporal Distortion, Slouch, Step From Time


You were on level 10 of the Dungeon.
You worshipped Cheibriados.
Cheibriados was extremely pleased with you.
You visited 2 branches of the dungeon, and saw 11 of its levels.
You visited the Abyss 1 time.
You also visited: Ossuary and Bailey.

You collected 622 gold pieces.
You spent 75 gold pieces at shops.

Inventory:

Hand Weapons
 a - a +2 vorpal war axe
 b - the +7 Singing Sword (weapon) {vorpal, sonic wave}
   (You found it on level 5 of the Dungeon)

   It inflicts extra damage upon your enemies.
   It radiates damaging sonic waves as it strikes, especially in combat
   involving dangerous or numerous foes.
 J - the +5 battleaxe "Sywna" {spect, Int+4}
   (You found it in a bailey)

   When its wielder attacks, the weapon's spirit leaps out and strikes again.
   The spirit shares a part of any damage it takes with its wielder.
   Int:       It affects your intelligence (+4).
Missiles
 w - 2 throwing nets (quivered)
Armour
 c - a +0 buckler (worn)
 i - a +1 cloak (worn)
 n - a +0 plate armour (worn)
 D - a +1 pair of gloves (worn)
Jewellery
 e - a +4 ring of protection
 f - an amulet of regeneration (around neck)
 o - a +6 ring of dexterity (left hand)
 t - a +6 ring of dexterity (right hand)
 y - a ring of fire
 A - an amulet of faith
Wands
 k - a wand of flame (56)
 p - a wand of mindburst (7)
 q - a wand of iceblast (15)
 E - a wand of paralysis (2)
Scrolls
 j - 2 scrolls of enchant weapon
 l - a scroll of amnesia
 m - 2 scrolls of magic mapping
 s - 3 scrolls of blinking
 u - 2 scrolls of enchant armour
 z - 4 scrolls of teleportation
 B - 2 scrolls of fear
 F - 2 scrolls of fog
 G - a scroll of acquirement
Potions
 d - 2 potions of might
 g - 2 potions of flight
 h - 3 potions of magic
 r - 5 potions of curing
 v - a potion of brilliance
 x - a potion of ambrosia {unknown}
 C - a potion of lignification {unknown}
 H - 2 potions of invisibility {unknown}
 I - 2 potions of heal wounds


   Skills:
 * Level 11.9 Fighting
 - Level 16.3 Long Blades
 + Level 6.7 Axes
 + Level 8.8 Armour
 + Level 7.1 Dodging
 - Level 5.9 Shields
 * Level 7.6 Invocations


You had 12 spell levels left.
You didn't know any spells.
Your spell library contained the following spells:

 Spells                   Type           Power      Damage    Failure   Level
 Animate Skeleton         Necr           0%         N/A       80%         1
 Pain                     Necr           0%         1d4       80%         1
 Ensorcelled Hibernation  Hex/Ice        0%         N/A       90%         2
 Passwall                 Tmut/Erth      0%         N/A       90%         2
 Ozocubu's Armour         Ice            0%         N/A       99%         3
 Summon Guardian Golem    Hex/Summ       0%         N/A       99%         3
 Swiftness                Air            0%         N/A       99%         3
 Vampiric Draining        Necr           0%         2d6       99%         3
 Airstrike                Air            0%         N/A       100%        4
 Summon Lightning Spire   Summ/Air       0%         N/A       100%        4
 Lightning Bolt           Conj/Air       0%         1d11      100%        5
 Orb of Destruction       Conj           0%         N/A       100%        7
 Ozocubu's Refrigeration  Ice            0%         4d5       100%        7
 Spellforged Servitor     Conj/Summ      0%         N/A       100%        7


Dungeon Overview and Level Annotations

Branches:
Dungeon (10/15)            Temple (1/1) D:6             Orc (0/2) D:10
Ossuary (visited)          Bailey (visited)
   Lair: D:8-11

Altars:
Ashenzari
Cheibriados
Dithmenos
Elyvilon
Fedhas
Gozag
Hepliaklqana
Kikubaaqudgha
Makhleb
Nemelex Xobeh
Okawaru
Qazlal
Ru
Sif Muna
Trog
Uskayaw
Vehumet
Wu Jian
Xom
Yredelemnul
Zin
The Shining One

Shops:
D:4 (   D:6 (?   D:8 *   D:10 **

Annotations:
D:10 1 runed translucent door, Sonja; tatocazan's ghost, novice DsFi


Innate Abilities, Weirdness & Mutations

You have a pair of horns on your head.
You reflexively headbutt those who attack you in melee.
You are partially covered in iridescent scales. (AC +2)
You do not regenerate when monsters are visible.


Message History

You are too injured to fight recklessly!
Unknown command.
You are too injured to fight recklessly!
You slice the meliai!!
You kill the meliai!
Cheibriados thoroughly appreciates the change of pace.
Unknown command.
You block the meliai's attack. The meliai closely misses you.
Sonja casts a spell.
Sonja blinks!
The meliai hits you with a +0 war axe!
The meliai stings you but does no damage.
Things that are here:
a +0 hand axe; a +0 leather armour; a meliai corpse You slice the meliai!!
The Singing Sword shouts.
You send a blast of sound all around you.
Sonja and the meliai are blasted.
Sonja is severely wounded.
You kill the meliai!
Cheibriados thoroughly appreciates the change of pace.
Sonja throws a curare-tipped dart.
You block the curare-tipped dart.
Sonja gestures wildly while chanting.
Sonja blinks!
Things that are here:
a +0 war axe; a +0 leather armour; a meliai corpse Sonja throws a curare-tipped dart.
The curare-tipped dart misses you.
Unknown command.
Sonja throws a curare-tipped dart.
You block the curare-tipped dart.
Unknown command.
You block Sonja's attack.
Sonja hits you with a +0 short sword of distortion.
Space warps horribly around you!!
* * * LOW HITPOINT WARNING * * *
Sonja hits you with a +0 short sword of distortion.
* * * LOW HITPOINT WARNING * * *
Space warps around you.
* * * LOW HITPOINT WARNING * * *
You block Sonja's attack. Sonja hits you but does no damage.
Space warps horribly around you!
You die...

.####...
...
........
.. #...
.. #...
.# ##.#
##.# #.#
#.. #..
#K# ##.
#@# ##
#.# ###
#.# #..
#)# #..
#)# #..
#)# #..
#.# #..
#.# ###
#.# #


You could see Sonja.

Vanquished Creatures
  An orc warlord (Bailey)
  Harold (D:9)
  Erolcha (D:9)
  A tengu warrior (D:9)
  An obsidian statue (D:9)
  A deep elf pyromancer (D:9)
  An orc knight (Bailey)
  2 large abominations (Abyss:2)
  A kobold demonologist (D:9)
  2 hornets (D:9)
  3 meliai (D:10)
  The ghost of kaffeinatedkobold the Slasher, an amateur FoAK of Lugonu (D:4)
  2 wraiths
  A shadow (D:10)
  14 yaks
  2 small abominations
  A water moccasin (D:9)
  A black bear (D:6)
  3 orc warriors
  A wolf (D:8)
  2 hornet zombies
  2 ogres
  4 centaurs
  3 kobold brigands
  3 bullfrogs (D:8)
  2 gnoll sergeants (D:8)
  7 scorpions
  A wyvern zombie (D:8)
  A water moccasin zombie (Ossuary)
  A wyvern skeleton (D:7)
  4 killer bees (D:10)
  4 howler monkeys
  4 quasits (D:4)
  6 bullfrog zombies (Ossuary)
  11 centaur zombies
  3 jellies (D:4)
  3 orc priests
  2 gnoll shamans
  2 hounds
  4 iguanas
  9 mummies (Ossuary)
  4 orc wizards
  A statue (D:9)
  2 killer bee zombies (Ossuary)
  A hound zombie (D:3)
  2 hound skeletons
  A howler monkey zombie (Ossuary)
  27 gnolls
  9 adders
  2 shadow imps
  A white imp (D:6)
  3 ufetubi (D:5)
  An adder zombie (D:3)
  A worm (D:2)
  2 adder skeletons
  A dart slug (D:4)
  25 orcs
  6 ball pythons
  11 bats
  6 endoplasms
  3 giant cockroaches
  10 goblins
  11 hobgoblins
  6 jackals
  33 kobolds
  5 quokkas
  4 frilled lizards
  2 quokka skeletons (D:3)
  7 rats
  A spectral orc (D:3)
307 creatures vanquished.

Vanquished Creatures (others)
  A fungus (D:5)
  3 plants (D:5)
  19 withered plants
23 creatures vanquished.

Grand Total: 330 creatures vanquished

Notes
Turn   | Place    | Note
-------+----------+-------------------------------------------
     0 | D:1      | HallandMoats the Minotaur Fighter began the quest for the
                  | Orb.
     0 | D:1      | Reached XP level 1. HP: 19/19 MP: 0/0
   133 | D:1      | Reached XP level 2. HP: 27/27 MP: 1/1
   363 | D:1      | Found a faded altar of an unknown god.
   827 | D:2      | Reached XP level 3. HP: 27/33 MP: 2/2
   962 | D:2      | Reached skill level 1 in Dodging
  1143 | D:2      | Reached XP level 4. HP: 41/41 MP: 3/3
  1689 | D:3      | Found a hazy altar of Hepliaklqana.
  1722 | D:3      | Reached XP level 5. HP: 47/47 MP: 4/4
  1813 | D:3      | Reached skill level 5 in Fighting
  1900 | D:3      | Found a burning altar of Makhleb.
  2334 | D:4      | Found a transporter.
  2352 | D:4      | Found a transporter.
  2426 | D:4      | Noticed kaffeinatedkobold's ghost (amateur FoAK)
  2448 | D:4      | Reached XP level 6. HP: 55/56 MP: 5/5
  2575 | D:4      | Found Afapnu's Antique Weapon Boutique.
  2832 | D:4      | Killed kaffeinatedkobold's ghost
  2833 | D:4      | Reached skill level 5 in Axes
  2833 | D:4      | Reached skill level 5 in Armour
  2833 | D:4      | Reached skill level 5 in Shields
  2833 | D:4      | Reached XP level 7. HP: 60/63 MP: 6/6
  2866 | D:5      | Entered Level 5 of the Dungeon
  3184 | D:5      | Reached XP level 8. HP: 73/73 MP: 7/7
  3194 | D:5      | Found the +7 Singing Sword {vorpal, sonic wave}
  3242 | D:5      | Reached skill level 1 in Long Blades
  3488 | D:5      | Reached skill level 2 in Long Blades
  3545 | D:6      | Found a shimmering blue altar of Sif Muna.
  3591 | D:6      | Found a staircase to the Ecumenical Temple.
  3597 | Temple   | Entered the Ecumenical Temple
  3792 | Temple   | Became a worshipper of Cheibriados the Contemplative
  3921 | D:6      | Reached skill level 1 in Invocations
  3922 | D:6      | Reached skill level 3 in Long Blades
  4159 | D:6      | Found Doanem's Weapon Emporium.
  4286 | D:6      | Found Huvamast's Magic Scroll Shop.
  4294 | D:6      | Bought a scroll of blinking for 75 gold pieces
  4497 | D:7      | Reached * piety under Cheibriados
  4502 | D:7      | Reached XP level 9. HP: 63/82 MP: 9/9
  4508 | D:7      | Reached skill level 4 in Long Blades
  4545 | D:7      | Found a sand-covered staircase.
  4554 | Ossuary  | Entered an ossuary
  4652 | Ossuary  | Reached ** piety under Cheibriados
  4689 | Ossuary  | Reached skill level 5 in Long Blades
  4853 | D:7      | Reached skill level 5 in Dodging
  5011 | D:7      | Found an ornate altar of the Wu Jian Council.
  5155 | D:8      | Reached skill level 6 in Long Blades
  5158 | D:8      | Reached *** piety under Cheibriados
  5201 | D:8      | Reached XP level 10. HP: 92/92 MP: 12/12
  5208 | D:8      | Reached skill level 5 in Invocations
  5212 | D:8      | Reached skill level 10 in Fighting
  5335 | D:8      | Found Nyehaf's General Store.
  5377 | D:8      | Reached **** piety under Cheibriados
  5384 | D:8      | Reached skill level 7 in Long Blades
  5757 | D:9      | Noticed Harold
  5765 | D:9      | Paralysed by Harold for 6 turns
  5767 | D:9      | Cast into level 2 of the Abyss (Harold)
  5800 | Abyss:2  | Noticed a large abomination
  5805 | Abyss:2  | Killed a large abomination
  5806 | Abyss:2  | Noticed a starcursed mass
  5826 | Abyss:2  | Paralysed by accursed screaming for 2 turns
  5827 | Abyss:2  | Noticed a wretched star
  5836 | Abyss:2  | Noticed a smoke demon
  5958 | Abyss:2  | Noticed a large abomination
  5969 | Abyss:2  | Killed a large abomination
  5990 | D:9      | Escaped the Abyss
  5995 | D:9      | Killed Harold
  5998 | D:9      | Noticed a tengu warrior
  6015 | D:9      | Found a flagged portal.
  6018 | Bailey   | Entered a bailey
  6036 | Bailey   | Noticed an orc warlord
  6061 | Bailey   | Noticed an orc knight
  6070 | Bailey   | Killed an orc knight
  6070 | Bailey   | Reached ***** piety under Cheibriados
  6071 | Bailey   | Reached skill level 8 in Long Blades
  6141 | Bailey   | Found a runed translucent gate.
  6143 | Bailey   | Found a runed translucent gate.
  6145 | Bailey   | Found a runed translucent gate.
  6340 | Bailey   | Reached skill level 13 in Long Blades
  6340 | Bailey   | Reached XP level 11. HP: 101/101 MP: 14/14
  6359 | Bailey   | Killed an orc warlord
  6376 | Bailey   | Identified the +5 battleaxe "Sywna" {spect, Int+4}
  6399 | D:9      | Killed a tengu warrior
  6425 | D:9      | Reached skill level 16 in Long Blades
  6425 | D:9      | Reached XP level 12. HP: 110/110 MP: 16/16
  6587 | D:9      | Reached XP level 13. HP: 83/116 MP: 11/17
  6762 | D:9      | Noticed Erolcha
  6766 | D:9      | Killed Erolcha
  6948 | D:9      | Found a radiant altar of Vehumet.
  7109 | D:9      | Identified a scroll of acquirement
  7110 | D:9      | Gained mutation: You are agile. (Dex +2) [potion of
                  | mutation]
  7110 | D:9      | Gained mutation: You sometimes lose the ability to read
                  | scrolls when taking damage. [potion of mutation]
  7111 | D:9      | Lost mutation: You are agile. (Dex +2) [potion of mutation]
  7111 | D:9      | Lost mutation: You sometimes lose the ability to read
                  | scrolls when taking damage. [potion of mutation]
  7111 | D:9      | Gained mutation: You do not regenerate when monsters are
                  | visible. [potion of mutation]
  7111 | D:9      | Gained mutation: You are partially covered in iridescent
                  | scales. (AC +2) [potion of mutation]
  7144 | D:10     | Entered Level 10 of the Dungeon
  7213 | D:10     | Found a runed translucent door.
  7217 | D:10     | Noticed tatocazan's ghost (novice DsFi)
  7236 | D:10     | Found an opulent altar of Gozag.
  7236 | D:10     | Found a faded altar of an unknown god.
  7244 | D:10     | Found a shadowy altar of Dithmenos.
  7246 | D:10     | Found a bloodstained altar of Trog.
  7248 | D:10     | Found a sacrificial altar of Ru.
  7381 | D:10     | Found a staircase to the Orcish Mines.
  7557 | D:10     | Found Sodism's Specific Store.
  7563 | D:10     | Found Okhlemaurph's General Store.
  7656 | D:10     | Found a white marble altar of Elyvilon.
  7753 | D:10     | Noticed Sonja
  7762 | D:10     | Slain by Sonja

Illustrated notes

Levels and vault maps discovered:
D:1:      dpeg_arrival_simpleton_c, layout_basic,
          hellmonk_ecumenical_altar_blasted, serial_curves, eino_curves_04,
          eino_curves_04
D:2:      layout_basic, hex_medium
D:3:      layout_loops_ring, nicolae_hepliaklqana_monster_ancestors,
          mainiacjoe_overflow_alcove_4, serial_undead, serial_undead_e,
          serial_undead_f, serial_undead_d, serial_undead_b,
          minmay_misc_feat_secret_circle, minmay_fractal_squares_gapless_5
D:4:      layout_loops_cross, gammafunk_ghost_stat_death, serial_shops, shop
D:5:      old_forge, layout_basic, chequers_serial_rivers_small_3
D:6:      layout_loops_ring, mainiacjoe_overflow_paths,
          minmay_temple_entry_proselytizer, serial_shops,
          nicolae_lakefront_shop, nicolae_shop_bloodbath_and_beyond,
          hangedman_abyss_or_decor_stabs, supply_closet_lemuel,
          kennysheep_pointless_box, minmay_misc_feat_chi,
          corexii_item_surrounded_by_moat
D:7:      layout_rooms, mainiacjoe_overflow_cross_hatched,
          chequers_ossuary_entry_cave
D:8:      layout_cave_pools, serial_gnoll_camp, gnoll_camp_mini_sergeant,
          gnoll_camp_mini_shop, gnoll_camp_mini_hut, gnoll_camp_mini_loothouse
D:9:      minmay_statue_hallways, layout_basic, vehumet_statue, enter_bailey_5,
          guppyfry_early_elven_hall, uniq_erolcha, uniq_harold
D:10:     layout_roguey, kennysheep_mini, chequers_temple_overflow_minitemple,
          orc_0_dummy, ebering_ghost_reflecting_pool, nicolae_specific_store,
          uniq_sonja
Temple:   minmay_temple_bridge_abc

Skill      XL: |  1  2  3  4  5  6  7  8  9 10 11 12 13 |
---------------+----------------------------------------+-----
Fighting       | 4 5 6 7 8 9 10 11 | 11.9
Axes           | 3 4 5 6 |  6.7
Armour         | 4 5 6 7 8 |  8.8
Dodging        | 1 2 3 4 5 6 7 |  7.1
Shields        | 4 5 |  5.9
Long Blades    | 3 6 13 16 | 16.3
Invocations    | 2 4 6 7 |  7.6

Action                   |  1- 3 |  4- 6 |  7- 9 | 10-12 | 13-15 || total
-------------------------+-------+-------+-------+-------+-------++-------
Melee: War axe           |   100 |    83 |       |       |       ||   183
       Headbutt          |     7 |    18 |    36 |    19 |     9 ||    89
       Falchion          |       |    34 |    58 |       |       ||    92
       Double sword      |       |       |   150 |    97 |    45 ||   292
Throw: Throwing net      |       |       |       |     1 |       ||     1
  Use: Potion            |       |     1 |     1 |     8 |     2 ||    12
       Scroll            |       |       |     8 |    11 |     2 ||    21
 Stab: Held in net/web   |       |       |       |     1 |       ||     1
Armor: Scale mail        |    73 |    42 |       |       |       ||   115
       Plate armour      |       |    42 |   137 |    81 |    17 ||   277
Dodge: Dodged            |    66 |    62 |   137 |    89 |    28 ||   382
Block: Buckler           |    29 |    35 |    81 |    77 |    30 ||   252

Table legend: (Time is in decaauts)
 A = Elapsed time spent in this place.
 B = Non-inter-level travel time spent in this place.
 C = Inter-level travel time spent in this place.
 D = Time resting spent in this place.
 E = Time spent auto-exploring this place.
 F = Levels seen in this place.
 G = Mean time per level.
                   A        B        C        D        E       F      G
               +--------+--------+--------+--------+--------+-----+--------+
         Total |  10000 |   9587 |    413 |    191 |   7156 |  14 |  714.3 |
       Dungeon |   8505 |   8121 |    384 |      0 |   6543 |  10 |  850.5 |
        Temple |    224 |    195 |     29 |      0 |    175 |   1 |  224.0 |
         Abyss |    268 |    268 |      0 |    141 |      0 |   1 |  268.0 |
       Ossuary |    385 |    385 |      0 |      0 |    194 |   1 |  385.0 |
        Bailey |    615 |    615 |      0 |     50 |    244 |   1 |  615.0 |
               +--------+--------+--------+--------+--------+-----+--------+

Top non-repeatable levels by time:
     D:9: 1315 daAuts
    D:10: 1060 daAuts
     D:8: 977 daAuts
     D:6: 926 daAuts
     D:1: 836 daAuts
     D:3: 722 daAuts
     D:2: 692 daAuts
     D:5: 692 daAuts
     D:4: 691 daAuts
  Bailey: 615 daAuts
     D:7: 589 daAuts
 Ossuary: 385 daAuts
 Abyss:2: 268 daAuts
  Temple: 224 daAuts
